 Dungeon Crawl Stone Soup version 0.32-a0-616-g9348d4545b (webtiles) character file.

Game seed: 6678896552944546922

34 ragingrage the Slasher (level 3, -1/29 HPs)
             Began as a Human Chaos Knight on Mar 5, 2024.
             Was a Plaything of Xom.
             Slain by Terence
             ... wielding a +0 flail
              (8 damage)
             ... on level 2 of the Dungeon.
             The game lasted 00:01:04 (593 turns).

ragingrage the Slasher (Human Chaos Knight)          Turns: 593, Time: 00:01:05

Health: -1/29      AC:  9    Str: 12    XL:     3   Next: 31%
Magic:  3/3        EV: 11    Int: 12    God:    Xom [..*...]
Gold:   32         SH:  0    Dex: 14    Spells: 2/2 levels left

rFire   . . .        a - +0 falchion (chaos)
rCold   . . .        (no shield)
rNeg    . . .        b - +2 leather armour
rPois   .            h - +0 helmet
rElec   .            (no cloak)
rCorr   .            e - +2 pair of gloves
SInv    .            (no boots)
Will    .....        (no amulet)
Stlth   ++           (no ring)
HPRegen 0.24/turn    (no ring)
MPRegen 0.08/turn

%: no passive effects
@: no status effects
A: explore regen
a: Renounce Religion


You were on level 2 of the Dungeon.
You worshipped Xom.
You were a toy of Xom.
You visited 1 branch of the dungeon, and saw 2 of its levels.

You collected 32 gold pieces.

Inventory:

Hand Weapons
 a - a +0 falchion of chaos (weapon)
 i - a +0 sling
Armour
 b - a +2 leather armour (worn)
 e - a +2 pair of gloves (worn)
 h - a +0 helmet (worn)
Scrolls
 c - a scroll of butterflies
 g - a scroll of noise {unknown}
 k - a scroll of teleportation {unknown}
Potions
 d - 2 potions of heal wounds {unknown}
 f - 2 potions of resistance {unknown}
 j - a potion of haste {unknown}


   Skills:
 - Level 3.0 Fighting
 + Level 4.0 Long Blades
 - Level 2.0 Armour
 - Level 1.0 Dodging
 * Level 1.3 Stealth


You had 2 spell levels left.
You didn't know any spells.
Your spell library contained the following spells:

 Spells                   Type           Power      Damage    Failure   Level
 Shock                    Conj/Air       0%         1d3       38%         1
 Swiftness                Air            0%         N/A       77%         3
 Airstrike                Air            0%         2d(0-16)  99%         4


Dungeon Overview and Level Annotations

Branches:
Dungeon (2/15)

Altars:

Annotations:
D:2 Terence


Innate Abilities, Weirdness & Mutations

You regain HP and MP as you explore.


Message History

The goblin throws a stone.
The stone hits you. The goblin hits you but does no damage.
A goblin is nearby!
A goblin is nearby!
A goblin is nearby!
You closely miss the goblin. The goblin barely misses you.
The goblin hits you with a +0 club.
A goblin is nearby!
You closely miss the goblin. The goblin hits you with a +0 club.
You hit the goblin but do no damage. The goblin hits you with a +0 club.
A goblin is nearby!
You slash the goblin!
You feel better.
You kill the goblin!
Terence is nearby!
Things that are here:
a +0 club; a +0 sling; 3 stones
Things that are here:
a +0 club; a +0 sling; 3 stones Terence bares his teeth.
Terence says, "Rest in peace."
You hit Terence but do no damage.
Terence seems to speed up.
Xom thinks this is hilarious!
Terence hits you but does no damage.
You barely miss Terence. Terence hits you with a +0 flail.
Terence hits you but does no damage.
You barely miss Terence.
Terence shouts, "Get ready for death!"
Terence barely misses you. Terence hits you with a +0 flail.
You hit Terence but do no damage.
Terence is poisoned.
Terence says, "How do you enjoy it?" Terence hits you with a +0 flail.
You hit Terence. Terence hits you with a +0 flail. x2
You closely miss Terence. Terence hits you with a +0 flail.
* * * LOW HITPOINT WARNING * * *
Terence barely misses you.
You hit Terence but do no damage.
Terence is moving more slowly.
Terence hits you with a +0 flail!
You die...
Terence says, "Rest in peace."
Xom roars with laughter!

.#.#..##.#.#..# ....
.#.#.:........# #....PP
###.#.#.# #.#....#####.#
#P...P.###...#.#.#
#.....$...gggg #....⌠..
#...#.#.# #...# #...⌠⌠..
#..##.#)# #####.##
#.PP...###...#.#.# #.....######
#P............).@# #.#.........>
#............###@###.#.########.
####.#..###)# #....>..# #...##
#.###.....####### #.###
#.........))<...# #.#
#####.###.#####.# #.# #/# #.#
#.# #.# #.# #.# #.# #†# #.# #<#
#.# #.# #.#######


You could see Terence (fast, petrifying, poisoned).

Vanquished Creatures
  A dart slug (D:1)
  4 ball pythons
  4 bats
  2 endoplasms (D:1)
  6 goblins (D:2)
  3 hobgoblins (D:2)
  A quokka (D:2)
  7 frilled lizards (D:2)
  4 rats (D:2)
32 creatures vanquished.

Vanquished Creatures (others)
  A frilled lizard zombie (D:2)
1 creature vanquished.

Grand Total: 33 creatures vanquished

Notes
Turn   | Place    | Note
-------+----------+-------------------------------------------
     0 | D:1      | ragingrage the Human Chaos Knight began the quest for the
                  | Orb.
     0 | D:1      | Reached XP level 1. HP: 18/18 MP: 1/1
     3 | D:1      | XOM: divination: detect creatures
   139 | D:1      | Reached XP level 2. HP: 24/24 MP: 2/2
   228 | D:2      | XOM: stealth player
   360 | D:2      | Noticed Terence
   452 | D:2      | Reached XP level 3. HP: 29/29 MP: 3/3
   476 | D:2      | Reached skill level 4 in Long Blades
   476 | D:2      | Reached skill level 1 in Stealth
   523 | D:2      | Noticed Robin
   533 | D:2      | Robin changed into Robin the goblin
   533 | D:2      | Noticed Robin
   534 | D:2      | Robin the goblin changed into Robin the rat
   534 | D:2      | Noticed Robin
   538 | D:2      | Killed Robin the rat
   593 | D:2      | Slain by Terence

Illustrated notes

Levels and vault maps discovered:
D:1:      denvon_arrival_waterhouse, layout_rooms, minmay_misc_feat_alley,
          chequers_garden
D:2:      minmay_general_purpose_star, layout_loops_ring,
          shapermc_ecumenical_altar_mp_ritualfount, minmay_lizard_pond,
          uniq_robin, uniq_terence

Skill      XL: |  1  2  3 |
---------------+----------+-----
Long Blades    | 4 |  4.0
Stealth        | 1 |  1.3
Fighting       | |  3.0
Armour         | |  2.0
Dodging        | |  1.0

Action                     || total
---------------------------++-------
  Melee: Falchion          ||    88
   Stab: Sleeping          ||     2
 Armour: Leather armour    ||    66
  Dodge: Dodged            ||    51

Table legend: (Time is in decaauts)
 A = Elapsed time spent in this place.
 B = Non-inter-level travel time spent in this place.
 C = Inter-level travel time spent in this place.
 D = Time resting spent in this place.
 E = Time spent auto-exploring this place.
 F = Levels seen in this place.
 G = Mean time per level.
                   A        B        C        D        E       F      G
               +--------+--------+--------+--------+--------+-----+--------+
         Total |    603 |    603 |      0 |     63 |    289 |   2 |  301.5 |
       Dungeon |    603 |    603 |      0 |     63 |    289 |   2 |  301.5 |
               +--------+--------+--------+--------+--------+-----+--------+

Top non-repeatable levels by time:
     D:2: 372 daAuts
     D:1: 230 daAuts
